 Dungeon Crawl Stone Soup version 0.21.1-1-g345015fe64 (webtiles) character file.

73 RepoMan the Magician (level 4, -1/33 HPs)
             Began as a Draconian Wizard on June 23, 2018.
             Slain by Tali's ghost (17 damage)
             ... on level 3 of the Dungeon.
             The game lasted 00:08:17 (2480 turns).

RepoMan the Magician (Draconian Wizard)             Turns: 2480, Time: 00:08:17

Health: -1/33      AC:  6    Str:  9    XL:     4   Next: 8%
Magic:  6/9        EV: 12    Int: 20    God:
Gold:   101        SH:  0    Dex:  9    Spells: 5/10 levels left

rFire    . . .     SeeInvis .   d - +0 mace
rCold    . . .     Gourm    .   (no shield)
rNeg     . . .     Faith    .   (armour unavailable)
rPois    .         Spirit   .   a - +0 hat
rElec    .         Reflect  .   (no cloak)
rCorr    .         Harm     .   j - +0 pair of gloves
MR       .....                  (no boots)
Stlth    ++........             (no amulet)
HPRegen  0.11/turn              (no ring)
MPRegen  0.11/turn              (no ring)

@: no status effects
A: unfitting armour, cold-blooded, AC +5
a: no special abilities


You were on level 3 of the Dungeon.
You were not hungry.

You visited 1 branch of the dungeon, and saw 3 of its levels.

You collected 101 gold pieces.

Inventory:

Hand Weapons
 d - a +0 mace (weapon)
Armour
 a - a +0 hat (worn)
 j - a +0 pair of gloves (worn)
Jewellery
 o - an uncursed ring of poison resistance {unknown}
Wands
 q - a wand of enslavement (10)
Scrolls
 g - a scroll of enchant armour {unknown}
 h - 2 scrolls of identify {unknown}
 i - 3 scrolls of teleportation {unknown}
 m - a scroll of enchant weapon {unknown}
Potions
 e - a potion of heal wounds {unknown}
 k - a potion of might {unknown}
 l - a potion of curing {unknown}
 n - a potion of flight {unknown}
 p - a potion of agility {unknown}
Books
 b - a book of Minor Magic

   Spells                             Type                      Level
   a - Magic Dart                     Conjuration                  1
   b - Blink                          Translocation                2
   c - Call Imp                       Summoning                    2
   d - Slow                           Hexes                        2
   e - Conjure Flame                  Conjuration/Fire             3
   f - Mephitic Cloud                 Conjuration/Poison/Air       3
Comestibles
 c - 6 rations
 f - 2 chunks of flesh


   Skills:
 - Level 1.7 Dodging
 - Level 1.7 Stealth
 + Level 3.6 Spellcasting
 * Level 3.3 Conjurations
 - Level 1.0 Summonings
 - Level 1.0 Translocations


You had 5 spell levels left.
You knew the following spells:

 Your Spells              Type           Power        Failure   Level  Hunger
a - Magic Dart            Conj           ###.         3%          1    None
b - Blink                 Tloc           N/A          13%         2    ##.....
c - Call Imp              Summ           #.......     13%         2    ##.....


Dungeon Overview and Level Annotations

Branches:
Dungeon (3/15)

Altars:
Ashenzari

Annotations:
D:3 Tali's ghost, amateur MiFi


Innate Abilities, Weirdness & Mutations

Your plain brown scales are hard. (AC +5)
You cannot fit into any form of body armour.
You are cold-blooded and may be slowed by cold attacks.


Message History

Your crimson imp hits Tali's ghost.
Your crimson imp hits Tali's ghost.
Tali's ghost barely misses your crimson imp.
Your crimson imp misses Tali's ghost.
Your crimson imp hits Tali's ghost.
Your crimson imp hits Tali's ghost.
Evoke which item? (* to show all) (? for menu, Esc to quit)
Aiming: Enslavement
Press: ? - help, Shift-Dir - straight line, f - ball python
Aim: a ball python (chance to defeat MR: 63%)
The ball python resists with significant effort.
There's nothing to close nearby.
Evoke which item? (* to show all) (? for menu, Esc to quit)
Aiming: Enslavement
Press: ? - help, Shift-Dir - straight line, f/p - ball python
Aim: a ball python (chance to defeat MR: 63%)
The ball python is charmed.
Tali's ghost hits you!
Ouch! That really hurt!
You die...

...............##.....
?.................#.####
..........(.......# #
..)...............#
..................#
....................
........5............
......S.W.......$....
.......@............
..................$.
....................
...................
..................
..................
.......####......
....... .....


You could see Tali's ghost, a friendly crimson imp and a friendly ball python.

Vanquished Creatures
  An adder (D:2)
  2 dart slugs
  3 leopard geckos
  5 bats
  3 giant cockroaches
  7 goblins
  10 hobgoblins
  4 jackals (D:2)
  7 kobolds
  2 quokkas (D:2)
  A ball python (D:1)
  2 frilled lizards
  3 rats
50 creatures vanquished.

Notes
Turn   | Place    | Note
-------+----------+-------------------------------------------
     0 | D:1      | RepoMan the Draconian Wizard began the quest for the Orb.
     0 | D:1      | Reached XP level 1. HP: 14/14 MP: 4/4
   298 | D:1      | Reached XP level 2. HP: 20/20 MP: 0/6
   302 | D:1      | Learned a level 2 spell: Blink
   305 | D:1      | Learned a level 2 spell: Call Imp
  1093 | D:2      | Reached XP level 3. HP: 26/26 MP: 4/7
  1273 | D:2      | Found a shattered altar of Ashenzari.
  2265 | D:2      | Reached XP level 4. HP: 33/33 MP: 5/9
  2464 | D:3      | Noticed Tali's ghost (amateur MiFi)
  2480 | D:3      | Slain by Tali's ghost

Skill      XL: |  1  2  3 |
---------------+----------+-----
Conjurations   | 2 3 |  3.3
Dodging        | |  1.7
Stealth        | |  1.7
Spellcasting   | |  3.6
Summonings     | |  1.0
Translocations | |  1.0

Action                   |  1- 3 |  4- 6 || total
-------------------------+-------+-------++-------
Melee: Mace              |    41 |       ||    41
       Tailslap          |     1 |       ||     1
 Cast: Magic Dart        |    86 |    12 ||    98
       Call Imp          |       |     2 ||     2
Evoke: Wand              |       |     2 ||     2
  Eat: Chunk             |     4 |     1 ||     5
Armor: Skin              |    19 |       ||    19
Dodge: Dodged            |    45 |       ||    45
